 Dungeon Crawl Stone Soup version 0.28.0-47-ge53b351184 (webtiles) character file.

Game seed: 13391090868633791234

68 falhazar the Sneak (level 4, -7/27 HPs)
             Began as a Kobold Brigand on Apr 25, 2022.
             Mangled by Terence
             ... wielding a +0 hand axe
              (9 damage)
             ... on level 3 of the Dungeon.
             The game lasted 00:12:48 (2894 turns).

falhazar the Sneak (Kobold Brigand)                 Turns: 2894, Time: 00:12:48

Health: -7/27      AC:  3    Str: 10    XL:     4   Next: 41%
Magic:  4/4        EV: 15    Int: 18    God:
Gold:   46         SH:  0    Dex: 16    Spells: 3/3 levels left

rFire   . . .      SeeInvis .   a - +2 dagger
rCold   . . .      Faith    .   (no shield)
rNeg    . . .      Spirit   .   b - +0 robe
rPois   .          Reflect  .   (no helmet)
rElec   .          Harm     .   c - +0 cloak
rCorr   .          Rampage  .   (no gloves)
Will    .....                   (no boots)
Stlth   ++++......              (no amulet)
HPRegen 0.09/turn               g - +6 ring of intelligence
MPRegen 0.09/turn               (no ring)

@: no status effects
A: small, no large weapons, nightstalker 3
a: no special abilities


You were on level 3 of the Dungeon.
You visited 1 branch of the dungeon, and saw 3 of its levels.

You collected 70 gold pieces.
You spent 24 gold pieces at shops.

Inventory:

Hand Weapons
 a - a +2 dagger (weapon)
Missiles
 d - 4 poisoned darts (quivered)
 e - 2 curare-tipped darts
 h - 137 stones
Armour
 b - a +0 robe (worn)
 c - a +0 cloak (worn)
Jewellery
 g - a +6 ring of intelligence (left hand)
Wands
 f - a wand of acid (5)
Scrolls
 k - a scroll of teleportation {unknown}
Potions
 i - a potion of flight {unknown}
 j - a potion of magic {unknown}
 l - a potion of attraction {unknown}
 m - a potion of heal wounds {unknown}


   Skills:
 + Level 2.4 Fighting
 + Level 3.4 Short Blades
 * Level 2.3 Throwing
 * Level 2.3 Dodging
 + Level 6.5 Stealth


You had 3 spell levels left.
You didn't know any spells.
Your spell library contained the following spells:

 Spells                   Type           Power      Damage    Failure   Level
 Conjure Flame            Conj/Fire      0%         6-21      54%         3
 Ignite Poison            Fire/Tmut/Pois 0%         N/A       54%         3
 Sticky Flame             Conj/Fire      0%         2d3       91%         4
 Borgnjor's Revivificati  Necr           0%         N/A       100%        8
 Necromutation            Tmut/Necr      0%         N/A       100%        8
 Death's Door             Necr           0%         N/A       100%        9


Dungeon Overview and Level Annotations

Branches:
Dungeon (3/15)

Altars:

Shops:
D:1 *   D:2 [

Annotations:
D:3 Terence


Innate Abilities, Weirdness & Mutations

You are small and have problems with some larger weapons.
You are completely attuned to the shadows.


Message History

You hit Terence. Your punch misses Terence.
Terence is moderately wounded.
Terence hits you with a +0 hand axe.
You hit Terence.
Terence is heavily wounded.
You barely miss Terence.
Terence is severely wounded.
Terence hits you with a +0 hand axe.
You closely miss Terence.
Terence is severely wounded.
Terence closely misses you.
You closely miss Terence.
Terence is severely wounded.
Terence looks more healthy.
Terence barely misses you.
You barely miss Terence.
Terence is severely wounded.
Terence hits you with a +0 hand axe.
You hit Terence but do no damage.
Terence is severely wounded.
Terence hits you with a +0 hand axe!
* * * LOW HITPOINT WARNING * * *
You hit Terence but do no damage.
Terence is severely wounded.
You completely miss Terence.
Terence is severely wounded.
Terence closely misses you.
Throw: 6 darts (poison)
Press: ? - help, Q - select action, (/) - cycle Shift-Dir - straight line, f/p - Terence
Aim: Terence, wielding a +0 hand axe and wearing a +0 scale mail (severely wounded, 65% to hit)
You throw a poisoned dart.
The poisoned dart barely misses Terence.
Terence hits you with a +0 hand axe.
* * * LOW HITPOINT WARNING * * *
Throw: 5 darts (poison)
Press: ? - help, Q - select action, (/) - cycle Shift-Dir - straight line, f/p - Terence
Aim: Terence, wielding a +0 hand axe and wearing a +0 scale mail (severely wounded, 65% to hit)
You throw a poisoned dart. The poisoned dart hits Terence.
Terence is poisoned.
Terence is severely wounded.
Terence hits you with a +0 hand axe!
You die...

#.##.#..........#
#.#..#.########.#
#.......# #.#
#########..#..# #.#
#...@......(.(#######.####
#.######........(.........
#.# #.#.....(..........
#@# #.#....@#######....
#.# #.###.@.### .... #<#
#>......... .... ###
######..### .(.. ##.....
#.....# #.....# #.....#
#.....#############
#..................


You could see Terence (poisoned).

Vanquished Creatures
  Robin (D:2)
  An adder (D:2)
  2 dart slugs
  3 ball pythons
  A giant cockroach (D:1)
  11 goblins
  6 hobgoblins
  8 jackals
  3 kobolds
  6 bats
  2 frilled lizards
  2 rats (D:1)
46 creatures vanquished.

Notes
Turn   | Place    | Note
-------+----------+-------------------------------------------
     0 | D:1      | falhazar the Kobold Brigand began the quest for the Orb.
     0 | D:1      | Reached XP level 1. HP: 12/12 MP: 1/1
    82 | D:1      | Reached XP level 2. HP: 11/17 MP: 2/2
   280 | D:1      | Reached skill level 6 in Stealth
   467 | D:1      | Found Kurueg's Assorted Antiques.
   472 | D:1      | Bought a scroll labelled AMIES QOFFIELI for 24 gold pieces
   781 | D:1      | Reached XP level 3. HP: 20/21 MP: 3/3
  1310 | D:2      | Noticed Robin
  1318 | D:2      | Killed Robin
  1327 | D:2      | HP: 1/22 [hobgoblin[Robin] (5)]
  1799 | D:2      | Reached XP level 4. HP: 23/27 MP: 4/4
  2061 | D:2      | Found a faded altar of an unknown god.
  2175 | D:2      | Found Dot Axan's Armour Boutique.
  2519 | D:3      | Noticed Terence
  2894 | D:3      | Mangled by Terence

Illustrated notes

Levels and vault maps discovered:
D:1:      co_arrival_square_in_a_square_in_a_square, layout_rooms, serial_shops,
          shop
D:2:      layout_basic, serial_shops, nicolae_lakefront_shop,
          chequers_ecumenical_altar_simple_redux, serial_glass, glass_columns_b,
          glass_columns_a, minmay_liquid_box, uniq_robin
D:3:      layout_basic, columned_hall_lemuel, uniq_terence

Skill      XL: |  1  2  3 |
---------------+----------+-----
Stealth        | 6 |  6.5
Short Blades   | 3 |  3.4
Dodging        | 2 |  2.3
Fighting       | |  2.4
Throwing       | |  2.3

Action                   |  1- 3 |  4- 6 || total
-------------------------+-------+-------++-------
Melee: Dagger            |   119 |    50 ||   169
       Punch             |     4 |       ||     4
Throw: Dart              |     1 |     3 ||     4
       Stone             |    19 |    44 ||    63
  Use: Scroll            |     2 |     1 ||     3
 Stab: Sleeping          |     2 |     1 ||     3
Armor: Robe              |    24 |    10 ||    34
Dodge: Dodged            |    92 |    44 ||   136
